Map: Catalyst LE

Players

Sadist

  • Race: Terran Terran
  • League: Master
  • Spawn Location: 5:00

iggythefisk

  • Race: Terran Terran
  • Spawn Location: 11:00

PhynixHduO

  • Race: Zerg Zerg
  • League: Diamond

matathemyra

  • Race: Zerg Zerg

VOD

Have the link to the VOD?

Description

Time

  • Played on: Nov. 20, 2017, 2:49 p.m.
  • Length: 11:47
Show
View Real Time Build Order
Export as new Build Order

Sadist Terran 

Build Orders: Reaper Expand, Mech, Banshee Rush 

Get SALT Encoding   

  12  0:01  SCV  
  13  0:13  SCV  
  14  0:17  Supply Depot  
  14  0:25  SCV  
  15  0:29  Refinery  
  15  0:39  SCV  
  16  0:46  Barracks  
  16  0:54  SCV  
  17  1:06  SCV  
  18  1:19  SCV  
  19  1:33  Orbital Command  
  19  1:34  Reaper  
  20  1:51  Command Center  
  20  1:58  SCV  
  21  2:07  Factory  
  21  2:09  Barracks Reactor  
  21  2:13  SCV  
  22  2:24  Supply Depot  
  22  2:25  SCV  
  22  2:28  Refinery  
  23  2:45  SCV  
  24  2:54  Starport  
  24  2:57  SCV  
  24  2:58  Hellion x2  
  29  3:06  Barracks Tech Lab  
  29  3:09  Orbital Command, SCV  
  30  3:21  Hellion  
  30  3:22  SCV  
  30  3:24  Hellion  
  35  3:31  Supply Depot  
  35  3:37  SCV  
  36  3:44  Cloaking Field, Banshee  
  36  3:48  SCV  
  40  3:54  Supply Depot  
  40  3:55  SCV  
  41  4:01  Cyclone  
  44  4:05  SCV  
  45  4:11  Cyclone  
  45  4:15  SCV  
  49  4:17  Supply Depot  
  49  4:24  Refinery  
  49  4:25  Refinery  
  49  4:26  Barracks Reactor  
  49  4:27  SCV  
  50  4:35  Viking  
  52  4:40  Supply Depot  
  52  4:41  SCV x2  
  54  4:53  SCV x2  
  54  4:59  Supply Depot  
  56  5:00  Supply Depot, Cyclone  
  56  5:04  Supply Depot, Banshee  
  56  5:05  SCV  
  63  5:11  SCV  
  63  5:12  Hellion  
  66  5:17  SCV  
  67  5:23  Factory, SCV  
  66  5:29  SCV  
  68  5:35  SCV  
  68  5:40  Hellion x2  
  68  5:41  SCV  
  73  5:45  Barracks Tech Lab  
  73  5:46  Factory  
  73  5:47  Factory, SCV  
  74  5:54  SCV  
  75  5:59  SCV  
  75  6:03  Supply Depot  
  76  6:05  Armory  
  76  6:06  SCV  
  76  6:07  Armory  
  77  6:12  SCV  
  77  6:18  SCV  
  79  6:24  SCV, Siege Tank  
  83  6:26  Hellion  
  83  6:27  Starport Reactor  
  83  6:28  Cyclone  
  83  6:30  SCV  
  89  6:36  SCV  
  90  6:45  Siege Tank  
  90  6:46  Command Center  
  90  6:56  Hellion, Siege Tank  
  90  6:57  Hellion  
  90  6:58  SCV  
  90  6:59  SCV  
  99  7:01  Terran Vehicle Weapons Level 1  
  99  7:08  Terran Vehicle And Ship Armor Level 1  
  99  7:09  Hellion  
  101  7:22  SCV  
  102  7:25  Hellion x2, Siege Tank  
  102  7:29  Barracks Tech Lab  
  109  7:35  SCV  
  109  7:36  Supply Depot  
  110  7:37  Supply Depot  
  110  7:40  Supply Depot, Hellion  
  110  7:45  Supply Depot  
  110  7:51  Engineering Bay  
  110  7:56  Factory  
  110  7:57  SCV x2, Hellion  
  110  7:58  Hellion  
  116  8:02  Hellion x2  
  118  8:06  Infernal Pre-Igniter  
  118  8:11  SCV  
  119  8:14  Supply Depot  
  119  8:17  Orbital Command  
  119  8:19  SCV  
  120  8:29  Thor  
  123  8:40  Thor x2  
  135  8:47  SCV x3  
  138  8:51  Refinery x2  
  138  8:52  Hellion  
  138  8:53  Hellion  
  142  8:58  Terran Vehicle Weapons Level 2  
  142  8:59  SCV  
  140  9:04  Supply Depot x2, Hellion x2  
  135  9:12  Siege Tank  
  135  9:13  Hellion  
  135  9:14  Hellion  
  124  9:24  Hellion x2  
  118  9:26  Hellion x2  
  113  9:35  Hellion  
  113  9:36  Hellion, SCV  
  113  9:37  SCV  
  115  9:44  SCV, Siege Tank  
  115  9:46  Command Center  
  115  9:48  Hellion, SCV  
  115  9:49  Hellion, SCV  
  115  9:52  Hellion  
  123  9:54  Hellion  
  123  9:56  Hellion  
  123  9:57  SCV  
  123  9:59  Hellion  
  130  10:04  SCV  
  130  10:06  SCV  
  132  10:09  Hellion  
  132  10:13  Siege Tank  
  137  10:15  Siege Tank  
  137  10:21  Hellion  
  142  10:24  Supply Depot  
  142  10:25  Supply Depot  
  142  10:26  SCV  
  142  10:27  SCV  
  142  10:30  Hellion  
  142  10:32  Hellion  
  142  10:35  Hellion  
  148  10:37  Command Center, Hellion  
  148  10:39  SCV  
  148  10:42  Hellion  
  145  10:45  SCV  
  145  10:46  Siege Tank  
  145  10:47  Hellion  
  151  10:52  Hellion  
  151  10:54  Hellion  
  151  10:56  Hellion  
  157  10:58  Siege Tank  
  160  11:04  Hellion  
  160  11:08  Siege Tank  
  160  11:10  Planetary Fortress  
  165  11:12  Refinery  
  165  11:13  Refinery  
  165  11:16  Hellion  
  165  11:17  Hellion  
  174  11:31  Supply Depot  
  171  11:43  Supply Depot  
Show
View Real Time Build Order
Export as new Build Order

iggythefisk Terran 

Build Orders:  

Get SALT Encoding   

  12  0:00  Drone  
  13  0:08  Drone  
  14  0:16  Overlord  
  14  0:35  Drone x3  
  17  0:55  Hatchery  
  17  0:56  Drone  
  17  1:11  Spawning Pool  
  16  1:14  Extractor  
  16  1:15  Drone  
  16  1:19  Drone  
  16  1:24  Drone  
  18  1:31  Overlord  
  19  1:40  Drone  
  19  1:58  Zergling x2  
  19  1:59  Queen  
  22  2:02  Drone  
  22  2:06  Queen  
  22  2:07  Drone  
  26  2:16  Drone  
  26  2:19  Metabolic Boost, Zergling x2  
  28  2:23  Drone  
  29  2:43  Drone x3  
  32  2:49  Queen  
  34  2:52  Drone x2  
  36  2:59  Overlord  
  36  3:05  Pneumatized Carapace  
  36  3:13  Evolution Chamber  
  35  3:21  Drone x8  
  35  3:24  Drone  
  44  3:37  Extractor, Baneling Nest  
  42  3:45  Zergling x4  
  44  3:51  Zerg Missile Weapons Level 1  
  44  3:55  Overlord x2  
  44  4:07  Queen, Roach Warren  
  44  4:08  Spore Crawler  
  42  4:10  Spore Crawler  
  42  4:12  Zergling x2  
  42  4:13  Zergling x4  
  44  4:17  Spine Crawler  
  44  4:21  Zergling x8  
  47  4:30  Lair  
  44  4:48  Roach x3  
  44  4:52  Extractor  
  49  4:56  Drone x6  
  49  4:57  Drone  
  54  5:22  Roach  
  54  5:23  Roach  
  54  5:28  Glial Reconstitution  
  56  5:32  Overseer  
  56  5:35  Overlord  
  56  5:36  Overlord x2  
  56  5:51  Overlord x2  
  56  5:53  Queen  
  56  5:54  Zerg Missile Weapons Level 2  
  58  6:02  Roach x5  
  67  6:20  Drone x6  
  72  6:36  Hatchery  
  71  6:40  Extractor  
  68  6:49  Drone x8  
  76  7:01  Spore Crawler  
  75  7:03  Roach x4  
  83  7:13  Overseer  
  83  7:17  Overlord x2  
  83  7:21  Evolution Chamber  
  82  7:26  Hydralisk Den  
  81  7:33  Drone x2  
  81  7:34  Overlord x2  
  81  7:44  Roach  
  81  7:45  Roach x3  
  81  7:46  Queen  
  81  7:48  Zerg Ground Armor Level 1  
  91  7:51  Roach  
  93  8:02  Roach x6  
  105  8:17  Hydralisk  
  105  8:18  Hydralisk x3  
  113  8:22  Muscular Augments  
  113  8:38  Overlord x2  
  112  8:46  Spine Crawler, Drone x2  
  112  8:47  Drone  
  114  8:50  Overlord x2  
  112  8:56  Hydralisk  
  112  8:57  Hydralisk  
  112  9:01  Hydralisk  
  118  9:03  Roach  
  118  9:06  Roach  
  103  9:12  Hydralisk  
  103  9:15  Hydralisk  
  89  9:19  Roach  
  70  9:30  Hydralisk  
  64  9:38  Drone x2  
  66  10:06  Drone x6  
  72  10:13  Hydralisk  
  74  10:16  Roach  
  76  10:35  Roach x4  
  81  10:36  Roach  
  77  10:44  Drone  
  78  10:53  Spine Crawler  
  77  10:59  Drone x2  
  80  11:11  Drone  
  80  11:12  Drone x3  
  80  11:16  Roach  
  77  11:20  Roach  
  77  11:24  Roach  
Show
View Real Time Build Order
Export as new Build Order

PhynixHduO Zerg 

Build Orders:  

Get SALT Encoding   

Show
View Real Time Build Order
Export as new Build Order

matathemyra Zerg 

Build Orders:  

Get SALT Encoding   

Tags
 
Add a new tag
Caveats
  • Supply blocks, unpowered buildings, or Contaminate may cause inaccurate times.
  • Supply counts are checked every 10 seconds.